 Dungeon Crawl Stone Soup version 0.17-a0-1793-gcbb3aa1 (webtiles) character file.

44491 4thArraOfDagon the Carver (level 13, 0/113 HPs)
             Began as a Centaur Air Elementalist on Sept 9, 2015.
             Was a High Priest of Qazlal.
             Slain by a spatial maelstrom (12 damage)
             ... on level 2 of the Abyss.
             The game lasted 01:32:04 (12085 turns).

4thArraOfDagon the Carver (CeAE)                   Turns: 12085, Time: 01:32:05

Health: 0/113      AC: 26    Str: 11    XL:     13   Next: 96%
Magic:  26/29      EV: 10    Int: 18    God:    Qazlal [*****.]
Gold:   66         SH:  6    Dex: 11    Spells: 7 memorised, 4 levels left

rFire  . . .     SeeInvis .     N - +2 scimitar (elec)
rCold  . . .     Rnd*Rage +     f - +4 troll leather armour
rNeg   . . .     SustAt   .     (no shield)
rPois  +         Gourm    .     x - +2 helmet
rElec  +         Spirit   .     d - +2 cloak
rCorr  .         Warding  .     z - +1 pair of gloves
rMut   .         Stasis   .     W - +2 centaur barding
MR     .....                    U - amulet of faith
Stlth  +.........               u - ring of magical power
                                g - ring of poison resistance

@: protected from physical damage, very slightly contaminated, repel missiles,
drained, very quick, not resistant to hostile enchantments, very unstealthy
A: hooves 3, berserk 1, breathe flames 1, deformed body, speed 2, electricity
resistance, tough skin 3
a: Upheaval, Elemental Force, Disaster Area, Renounce Religion, Breathe Fire


You were on level 2 of the Abyss.
You worshipped Qazlal.
Qazlal was extremely pleased with you.
You were not hungry.

You visited 3 branches of the dungeon, and saw 20 of its levels.
You visited the Abyss 1 time.
You also visited: Ossuary.

You collected 1885 gold pieces.
You spent 1819 gold pieces at shops.

Inventory:

Hand weapons
 b - a +0 great sword of venom
 N - a +2 scimitar of electrocution (weapon)
 P - a +0 blowgun
Missiles
 k - 2 javelins (quivered)
 D - 5 javelins of returning
 Y - 6 poisoned javelins
Armour
 d - a +2 cloak (worn)
 f - a +4 troll leather armour (worn)
 x - a +2 helmet (worn)
 z - a +1 pair of gloves (worn)
 W - a +2 centaur barding (worn)
Jewellery
 g - a ring of poison resistance (left hand)
 i - an uncursed ring of protection from fire
 u - a ring of magical power (right hand)
 I - an uncursed amulet of stasis
 L - an uncursed ring of wizardry
 M - an uncursed ring of protection from fire
 U - an amulet of faith (around neck)
Magical devices
 n - a wand of lightning (9)
 p - a wand of random effects (8)
 C - a wand of enslavement (15)
 R - a wand of heal wounds (6)
 T - a wand of digging (7)
 X - a wand of random effects (32)
Scrolls
 e - a scroll of teleportation
 l - a scroll of amnesia
 m - 2 scrolls of remove curse
 w - 2 scrolls of identify
 y - 2 scrolls of fear
 H - a scroll of blinking
 O - 2 scrolls of magic mapping
 S - 3 scrolls of enchant weapon
Potions
 a - 3 potions of flight
 j - 3 potions of heal wounds
 o - 2 potions of agility
 q - 6 potions of curing
 r - a potion of lignification
 t - 2 potions of haste
 B - 3 potions of ambrosia
 E - a potion of berserk rage
 F - 2 potions of resistance
 G - 5 potions of brilliance
 J - a potion of invisibility
 Q - a potion of magic
Books
 s - a book of Geomancy

   Spells                             Type                      Level
   a - Sandblast                      Earth                        1
   b - Stoneskin                      Transmutation/Earth          2
   c - Passwall                       Transmutation/Earth          3
   d - Stone Arrow                    Conjuration/Earth            3
   e - Petrify                        Transmutation/Earth          4
   f - Lee's Rapid Deconstruction     Earth                        5
Miscellaneous
 V - a phantom mirror
Comestibles
 c - 7 bread rations
 h - 9 meat rations
 v - 7 slices of pizza
 A - 2 chunks of flesh
 K - 3 beef jerkies


   Skills:
 - Level 10.1(9.6) Fighting
 * Level 12.4(11.9) Long Blades
 - Level 7.4(7.0) Dodging
 - Level 1.2(0.9) Stealth
 + Level 5.2(4.8) Spellcasting
 - Level 2.3(1.9) Conjurations
 - Level 3.1(2.7) Charms
 - Level 2.9(2.5) Necromancy
 * Level 5.0(4.6) Transmutations
 - Level 3.7(3.3) Air Magic
 * Level 4.8(4.5) Earth Magic
 - Level 10.1(9.6) Invocations


You had 4 spell levels left.
You knew the following spells:

 Your Spells              Type           Power        Failure   Level  Hunger
b - Repel Missiles        Chrm/Air       ###...       10%         2    #......
c - Apportation           Tloc           #.........   21%         1    None
d - Animate Skeleton      Necr           N/A          10%         1    None
e - Regeneration          Chrm/Necr      ##........   21%         3    ###....
f - Static Discharge      Conj/Air       ##......     21%         3    ###....
g - Statue Form           Trmt/Erth      ###......    100%        6    #######
h - Stoneskin             Trmt/Erth      ###.....     4%          2    #......


Dungeon Overview and Level Annotations

Branches:
Dungeon (15/15)            Temple (0/1) D:7            Lair (0/8) D:9
    Orc (4/4) D:11            Elf (1/3) Orc:4        Vaults (0/5) D:14
 Depths: D:15

Altars:
Elyvilon
Fedhas
Gozag
Nemelex Xobeh
Qazlal
The Shining One
Beogh

Shops:
D:13 ?   D:15 (:*((   Orc:1 %   Orc:2 %   Orc:4 (?([:!(*

Portals:
Trove: D:14 (give 2 scrolls of acquirement)

Annotations:
D:7 Joseph
D:10 Fannar; Sonja
D:11 ololoev's ghost, powerful DrSk
Orc:1 Snorg


Innate Abilities, Weirdness & Mutations

You have hooves in place of feet.
Armour fits poorly on your strangely shaped body.
You cover ground very quickly.
You have extremely tough skin (AC +3).
You tend to lose your temper in combat.
You can breathe flames.
You are resistant to electric shocks.


Message History

Unknown command.
Unknown command.
Unknown command.
An iron imp comes into view.
The iron imp shouts!
Unknown command.
You hear a shout!
The spatial maelstrom hits you but does no damage. x2
A spatial vortex and an ancient zyme come into view.
Casting: Regeneration
Confirm with . or Enter, or press ? or * to list all spells.
You miscast Regeneration.
You are very lightly contaminated with residual magic.
Strange energies run through your body. The spatial maelstrom hits you!
Space warps horribly around you!
* * * LOW HITPOINT WARNING * * *
The spatial maelstrom hits you!
* * * LOW HITPOINT WARNING * * *
Space warps horribly around you!
You die...

#. #. . . .b
#.## ##
#..#### #
###X #....#
#.).v.
#.§v####....#
#.@vz###v.##
#..#§.z#.z.#.
##...##{#z #.
###5#.vx# .
..#.### .
...## .#
##.## #.# ##


You could see a spatial maelstrom, a spatial vortex, an ancient zyme, a fire
bat, 2 flying skulls and an iron imp.

Vanquished Creatures
  An orc warlord (Orc:3)
  Nessos (Orc:3)
  Erica (D:9)
  6 centaur warriors
  3 orc high priests (Orc:4)
  2 deep elf knights (Elf:1)
  A wizard (D:14)
  3 unseen horrors
  4 deep elf summoners (Elf:1)
  2 hill giants
  A necromancer (D:14)
  2 deep elf conjurers (Elf:1)
  5 orc knights
  5 cyclopes
  3 orc sorcerers (Orc:4)
  2 ugly things
  A hornet (D:15)
  Maurice (Orc:3)
  A guardian serpent (D:10)
  3 centaur skeletons
  A gargoyle (D:14)
  A kobold demonologist (D:14)
  5 trolls
  2 two-headed ogres
  A deep elf priest (Elf:1)
  A trapdoor spider zombie (D:11)
  5 deep elf magi
  3 wraiths
  3 deep elf fighters (Elf:1)
  6 hogs
  12 yaks
  2 basilisks
  A human (D:13)
  3 wyverns
  5 hippogriffs
  4 hungry ghosts
  A mottled dragon (D:14)
  20 orc warriors
  A soldier ant (D:13)
  3 ice beasts
  A phantom (D:9)
  A wasp (D:10)
  A necrophage (D:13)
  4 sky beasts
  8 black bears
  8 ogres
  4 big kobolds
  6 centaurs
  A gnoll sergeant (D:8)
  9 giant frogs
  A wyvern zombie (D:14)
  8 scorpions
  A wyvern skeleton (D:12)
  3 killer bees
  7 wights
  6 crimson imps
  2 quasits
  A jelly (D:15)
  4 giant frog skeletons
  7 hounds
  3 centaur zombies
  An electric eel (D:8)
  17 orc priests
  A human zombie (Ossuary)
  21 orc wizards
  2 iguanas
  9 worker ants
  4 sheep
  A killer bee zombie (D:9)
  A hound zombie (D:7)
  A hound skeleton (D:11)
  3 mummies (Ossuary)
  A worker ant zombie (D:8)
  9 adders
  3 gnolls (D:7)
  4 scorpion zombies (Ossuary)
  A shadow imp (D:13)
  An adder skeleton (D:8)
  123 orcs
  3 bats
  A giant cockroach (D:1)
  2 gnoll zombies (Ossuary)
  5 jackals
  21 kobolds
  3 giant newts
  5 goblin zombies (Ossuary)
  A kobold zombie (Ossuary)
  2 orc zombies (Ossuary)
  2 quokkas
  A quokka zombie (D:10)
  2 bushes (D:8)
  3 crawling corpses (Elf:1)
  2 plants (D:8)
470 creatures vanquished.

Vanquished Creatures (collateral kills)
  Rupert (Orc:3)
  Roxanne (D:14)
  Maud (D:14)
  Josephine (D:10)
  Urug (D:10)
  An ugly thing (D:12)
  A deep elf conjurer (Elf:1)
  A guardian serpent (D:10)
  A deep elf mage (D:12)
  A deep elf fighter (Elf:1)
  An ogre (D:10)
  2 orcs (Orc:3)
  3 kobolds (D:14)
16 creatures vanquished.

Vanquished Creatures (others)
  A vampire (D:15)
  A wraith (D:10)
  A scorpion (Ossuary)
  An orc wizard (Orc:4)
  An orc priest (Orc:4)
  An orc (D:8)
  A bush (D:8)
  9 plants (D:8)
16 creatures vanquished.

Grand Total: 502 creatures vanquished

Notes
Turn   | Place    | Note
--------------------------------------------------------------
     0 | D:1      | 4thArraOfDagon the Centaur Air Elementalist began the quest for the Orb.
     0 | D:1      | Reached XP level 1. HP: 14/14 MP: 3/3
    34 | D:1      | Reached skill level 1 in Conjurations
   211 | D:2      | Found an opulent altar of Gozag.
   243 | D:2      | Found a white marble altar of Elyvilon.
   255 | D:3      | Gained mutation: You are agile. (Dex +2) [potion of beneficial mutation]
   405 | D:2      | Found a sparkling altar of Nemelex Xobeh.
   615 | D:4      | Reached skill level 3 in Air Magic
   639 | D:4      | Found a white marble altar of Elyvilon.
   641 | D:4      | Found a stormy altar of Qazlal.
   642 | D:4      | Found a glowing golden altar of the Shining One.
   646 | D:4      | Became a worshipper of Qazlal Stormbringer
   652 | D:4      | Reached XP level 2. HP: 20/20 MP: 2/4
   659 | D:4      | Learned a level 2 spell: Repel Missiles
   693 | D:4      | Noticed a worker ant
   756 | D:4      | Noticed a water moccasin skeleton
   765 | D:4      | Noticed a scorpion
   815 | D:3      | Found a blossoming altar of Fedhas.
  1046 | D:4      | Learned a level 1 spell: Apportation
  1081 | D:5      | Entered Level 5 of the Dungeon
  1350 | D:6      | Reached XP level 3. HP: 24/26 MP: 5/5
  1396 | D:6      | Reached XP level 4. HP: 8/33 MP: 1/6
  1479 | D:6      | Learned a level 1 spell: Animate Skeleton
  1536 | D:7      | Noticed a water moccasin
  1672 | D:6      | Noticed a giant frog
  1679 | D:6      | Killed a giant frog
  1679 | D:6      | Reached XP level 5. HP: 26/38 MP: 6/9
  1744 | D:6      | Got a fine scale mail
  1749 | D:6      | Learned a level 3 spell: Regeneration
  1753 | D:6      | Identified the +0 scale mail "Zotuick" {rF++ rN+ MR-} (You found it on level 6 of the Dungeon)
  1756 | D:6      | Gained mutation: You can breathe flames. [potion of beneficial mutation]
  1932 | D:7      | Noticed a hippogriff
  1952 | D:6      | Killed a hippogriff
  1952 | D:6      | Reached skill level 1 in Fighting
  1952 | D:6      | Reached skill level 1 in Charms
  1952 | D:6      | Reached skill level 1 in Necromancy
  1952 | D:6      | Reached XP level 6. HP: 21/47 MP: 10/10
  1986 | D:7      | Noticed a giant frog
  1993 | D:7      | Noticed a phantom
  2074 | D:7      | Killed a giant frog
  2137 | D:7      | Noticed a sky beast
  2146 | D:7      | Found a sand-covered staircase.
  2151 | Ossuary  | Entered an ossuary
  2293 | Ossuary  | Reached XP level 7. HP: 32/52 MP: 10/12
  2298 | Ossuary  | Learned a level 3 spell: Static Discharge
  2358 | Ossuary  | Acquired Qazlal's first power
  2488 | Ossuary  | Reached skill level 1 in Invocations
  2757 | D:7      | Noticed an ice beast
  2781 | D:7      | Reached XP level 8. HP: 21/62 MP: 13/13
  2785 | D:7      | Noticed Joseph
  3030 | D:7      | Reached skill level 4 in Spellcasting
  3159 | D:7      | Reached skill level 1 in Long Blades
  3175 | D:7      | Noticed a black bear
  3180 | D:7      | Killed a black bear
  3345 | D:7      | Found a staircase to the Ecumenical Temple.
  3466 | D:8      | Acquired Qazlal's second power
  3509 | D:8      | Reached XP level 9. HP: 65/71 MP: 15/15
  3737 | D:9      | Found a staircase to the Lair.
  3862 | D:9      | Noticed Erica
  3902 | D:9      | Gained mutation: Your magical capacity is low (-10% MP). [mutagenic meat]
  3903 | D:9      | Gained mutation: You possess an exceptional clarity of mind. [mutagenic meat]
  3904 | D:9      | Gained mutation: You are frail (-10% HP). [mutagenic meat]
  3983 | D:9      | Reached skill level 5 in Long Blades
  3999 | D:8      | Reached skill level 5 in Fighting
  4114 | D:8      | Acquired Qazlal's third power
  4114 | D:8      | Reached skill level 5 in Invocations
  4276 | D:10     | Entered Level 10 of the Dungeon
  4350 | D:10     | Noticed a guardian serpent
  4427 | D:11     | Reached skill level 6 in Long Blades
  4432 | D:11     | Noticed ololoev's ghost (powerful DrSk)
  4442 | D:11     | Reached XP level 10. HP: 44/72 MP: 12/14
  4462 | D:11     | Noticed a cyclops
  4494 | D:11     | Killed a cyclops
  4582 | D:11     | Found a staircase to the Orcish Mines.
  4848 | D:11     | Acquired Qazlal's fourth power
  4880 | D:10     | Noticed a guardian serpent
  4946 | D:10     | Noticed Urug
  5078 | D:9      | Reached skill level 5 in Dodging
  5154 | D:9      | Killed Erica
  5154 | D:9      | Reached skill level 7 in Long Blades
  5327 | D:8      | Noticed a troll
  5351 | D:8      | Noticed a merfolk
  5398 | D:8      | Noticed a manticore
  5527 | D:10     | Reached skill level 8 in Long Blades
  5696 | D:10     | Noticed Josephine
  5696 | D:10     | Killed a guardian serpent
  5703 | D:10     | Killed Josephine
  5703 | D:10     | Reached XP level 11. HP: 42/82 MP: 7/15
  5788 | D:10     | Noticed Sonja
  5797 | D:10     | Killed Urug
  5964 | D:10     | Killed a guardian serpent
  6002 | D:10     | Noticed Fannar
  6092 | D:10     | Gained mutation: You passively map a small area around you. [mutagenic meat]
  6093 | D:10     | Gained mutation: You passively map the area around you. [mutagenic meat]
  6094 | D:10     | Gained mutation: You have a pair of small antennae on your head. [mutagenic meat]
  6095 | D:10     | Gained mutation: Potions and wands are less effective at restoring your health. [mutagenic meat]
  6218 | D:11     | Killed an unseen horror
  6232 | D:11     | Killed an unseen horror
  6252 | D:11     | Found a roughly hewn altar of Beogh.
  6495 | D:12     | Reached skill level 9 in Long Blades
  6730 | D:12     | Killed an unseen horror
  7071 | D:12     | Noticed an ogre mage
  7082 | D:13     | Found a stormy altar of Qazlal.
  7245 | D:13     | Found Nozocvov's Magic Scroll Shop.
  7262 | D:13     | Bought a scroll of magic mapping for 52 gold pieces
  7262 | D:13     | Bought a scroll of teleportation for 45 gold pieces
  7262 | D:13     | Bought a scroll of identify for 30 gold pieces
  7263 | D:13     | Bought a scroll of recharging for 142 gold pieces
  7263 | D:13     | Bought a scroll of enchant weapon for 112 gold pieces
  7300 | D:14     | Noticed an iron golem
  7300 | D:14     | Noticed a centaur warrior
  7344 | D:14     | Noticed an iron golem
  7436 | D:14     | Killed a centaur warrior
  7436 | D:14     | Reached XP level 12. HP: 25/92 MP: 16/16
  7454 | D:14     | Noticed an iron golem
  7454 | D:14     | Noticed an iron golem
  7516 | D:15     | Entered Level 15 of the Dungeon
  7524 | D:15     | Reached skill level 10 in Long Blades
  7550 | D:15     | Found Bacoc's Book Boutique.
  7588 | D:15     | Noticed a fire dragon
  7634 | D:15     | Found Awkeiwe's Weapon Emporium.
  7670 | D:15     | Noticed a centaur warrior
  7714 | D:15     | Killed a centaur warrior
  7741 | D:15     | Noticed a centaur warrior
  7750 | D:15     | Killed a centaur warrior
  7765 | D:15     | Found Sisamauv's Assorted Antiques.
  7772 | D:15     | Bought a scroll labeled ESEFOTT SAS MAY for 25 gold pieces
  7772 | D:15     | Bought a glowing inky potion for 22 gold pieces
  7834 | D:15     | Noticed a storm dragon
  7916 | D:15     | Found Xing's Antique Weapon Emporium.
  7922 | D:15     | Found Cokomiuv's Weapon Shop.
  7931 | D:15     | :(
  7960 | D:15     | Lost mutation: You are frail (-10% HP). [mutagenic meat]
  7961 | D:15     | Gained mutation: You are resistant to hostile enchantments. [mutagenic meat]
  7962 | D:15     | Gained mutation: You are weak. (Str -2) [mutagenic meat]
  7963 | D:15     | Gained mutation: Your body sometimes deteriorates upon taking damage. [mutagenic meat]
  8005 | D:14     | Noticed a necromancer
  8018 | D:14     | Killed a necromancer
  8040 | D:14     | Found a gate to the Vaults.
  8040 | D:14     | Noticed a wizard
  8053 | D:14     | Killed a wizard
  8106 | D:14     | Noticed a centaur warrior
  8114 | D:14     | Killed a centaur warrior
  8120 | D:14     | Acquired Qazlal's fifth power
  8228 | D:14     | Reached skill level 11 in Long Blades
  8346 | D:14     | Found an opulent altar of Gozag.
  8508 | D:14     | Noticed a centaur warrior
  8518 | D:14     | Killed a centaur warrior
  8545 | D:14     | Noticed Maud
  8571 | D:14     | Killed Maud
  8571 | D:14     | Reached skill level 10 in Invocations
  8624 | D:14     | Found a portal to a secret trove of treasure.
  8624 | D:14     | Noticed Roxanne
  8738 | D:15     | Noticed an ice dragon
  8739 | D:15     | Noticed an ice dragon
  8892 | D:14     | Killed Roxanne
  8899 | D:14     | Identified Roxanne's Handbook of the Mountains (You took it off Roxanne on level 14 of the Dungeon)
  8907 | D:14     | Learned a level 6 spell: Statue Form
  8965 | D:13     | Noticed a centaur warrior
  8982 | D:13     | Killed a centaur warrior
  8982 | D:13     | Reached XP level 13. HP: 71/112 MP: 0/18
  9000 | D:13     | Reached skill level 1 in Transmutations
  9004 | D:13     | Lost mutation: You are weak. (Str -2) [mutagenic meat]
  9005 | D:13     | Gained mutation: You tend to lose your temper in combat. [mutagenic meat]
  9006 | D:13     | Lost mutation: You are resistant to hostile enchantments. [mutagenic meat]
  9007 | D:13     | Gained mutation: You passively map a large area around you. [mutagenic meat]
  9020 | D:13     | Reached skill level 1 in Earth Magic
  9268 | D:11     | Noticed a hill giant
  9281 | D:11     | Killed a hill giant
  9330 | Orc:1    | Entered Level 1 of the Orcish Mines
  9340 | Orc:1    | Noticed Snorg
  9367 | Orc:1    | HP: 2/113 [Snorg (12)]
  9481 | Orc:2    | Found Arhio's Food Boutique.
  9634 | Orc:3    | Noticed Rupert
  9796 | Orc:1    | Found Peguum's Food Boutique.
  9952 | Orc:3    | Killed Rupert
 10138 | Orc:3    | Found a roughly hewn altar of Beogh.
 10231 | Orc:3    | Noticed Nessos
 10266 | Orc:3    | Killed Nessos
 10279 | Orc:3    | :)
 10356 | Orc:3    | Noticed Maurice
 10387 | Orc:3    | Killed Maurice
 10387 | Orc:3    | Reached skill level 10 in Fighting
 10403 | Orc:3    | Learned a level 2 spell: Stoneskin
 10466 | Orc:4    | Entered Level 4 of the Orcish Mines
 10468 | Orc:4    | Noticed an orc warlord
 10724 | Orc:3    | Killed an orc warlord
 10750 | Orc:4    | Found Valadier's Weapon Shoppe.
 10793 | Orc:4    | Found Pukuguiw's Distillery.
 10837 | Orc:4    | Bought a potion of curing for 45 gold pieces
 10837 | Orc:4    | Bought a potion of curing for 45 gold pieces
 10837 | Orc:4    | Bought a potion of mutation for 37 gold pieces
 10837 | Orc:4    | Bought a potion of heal wounds for 75 gold pieces
 10837 | Orc:4    | Bought a potion of heal wounds for 75 gold pieces
 10837 | Orc:4    | Bought a potion of heal wounds for 75 gold pieces
 10837 | Orc:4    | Bought a potion of agility for 60 gold pieces
 10837 | Orc:4    | Bought a potion of agility for 60 gold pieces
 10837 | Orc:4    | Bought a potion of lignification for 45 gold pieces
 10837 | Orc:4    | Lost mutation: You have a pair of small antennae on your head. [potion of mutation]
 10837 | Orc:4    | Gained mutation: You are resistant to electric shocks. [potion of mutation]
 10837 | Orc:4    | Lost mutation: You passively map a large area around you. [potion of mutation]
 10854 | Orc:4    | Lost mutation: Your magical capacity is low (-10% MP). [potion of cure mutation]
 10854 | Orc:4    | Lost mutation: You passively map the area around you. [potion of cure mutation]
 10854 | Orc:4    | Lost mutation: You possess an exceptional clarity of mind. [potion of cure mutation]
 10854 | Orc:4    | Lost mutation: You are agile. (Dex +2) [potion of cure mutation]
 10854 | Orc:4    | Lost mutation: Your body sometimes deteriorates upon taking damage. [potion of cure mutation]
 10854 | Orc:4    | Lost mutation: Potions and wands are less effective at restoring your health. [potion of cure mutation]
 10854 | Orc:4    | Lost mutation: You passively map a small area around you. [potion of cure mutation]
 10953 | Orc:4    | Reached skill level 12 in Long Blades
 11244 | Orc:4    | Found Simykhlis's Antique Armour Shoppe.
 11244 | Orc:4    | Found Unicuafo's Weapon Shop.
 11250 | Orc:4    | Found Faludgh Vyigi's Weapon Shoppe.
 11250 | Orc:4    | Found Jyupriakk's Magic Scroll Shop.
 11261 | Orc:4    | Bought a fine robe for 216 gold pieces
 11261 | Orc:4    | Bought a shiny helmet for 171 gold pieces
 11261 | Orc:4    | Bought a pair of runed gloves for 171 gold pieces
 11286 | Orc:4    | Identified the +1 robe "Guxeliry" {+Fly Regen+ Int-3} (You bought it in a shop on level 4 of the Orcish Mines)
 11302 | Orc:4    | Bought a scroll of recharging for 142 gold pieces
 11349 | Orc:4    | Found Muvyxti's Book Boutique.
 11383 | Orc:4    | Found Beyruh's Distillery.
 11395 | Orc:4    | Bought a potion of poison for 18 gold pieces
 11396 | Orc:4    | Found Emue's Assorted Antiques.
 11428 | Orc:4    | Found a staircase to the Elven Halls.
 11492 | Orc:4    | Bought a scroll labeled GUIWNOA KIDE for 35 gold pieces
 11492 | Orc:4    | Bought an orange potion for 31 gold pieces
 11611 | Orc:4    | Bought a scroll of identify for 30 gold pieces
 11611 | Orc:4    | Bought a scroll of identify for 30 gold pieces
 11611 | Orc:4    | Bought a scroll of identify for 30 gold pieces
 11675 | Elf:1    | Entered Level 1 of the Elven Halls
 11687 | Elf:1    | Reached skill level 5 in Spellcasting
 11887 | Elf:1    | Reached skill level 5 in Transmutations
 11904 | Elf:1    | Noticed a deep elf sorcerer
 11905 | Elf:1    | Cast into the Abyss (a deep elf sorcerer)
 12060 | Abyss:2  | Noticed a starcursed mass
 12085 | Abyss:2  | Slain by a spatial maelstrom

Vault maps used:
D:1:      dpeg_arrival_morbid_curiosity
D:2:      nicolae_overflow_hidden_temple, lemuel_crystal_altar, elyvilon_altar_4
D:3:      lemuel_upstairs_altar, first_bread
D:4:      minitemple
D:5:      nicolae_ru_path_of_blood
D:6:      serial_bayou_pond_d, minivault_22, uniq_crazy_yiuf_cottage
D:7:      black_bear_nest_2, minmay_temple_entry_from_below_a, enter_ossuary_3,
          uniq_joseph
D:8:      kennysheep_town
D:9:      lair_0_dummy, uniq_erica
D:10:     nrook_guardian_serpent_snake_passage, uniq_fannar, uniq_josephine,
          uniq_sonja, uniq_urug
D:11:     minmay_orc_entry_temple_small
D:13:     serial_shops, kennysheep_little_box, grunt_livestock,
          grunt_qazlal_sundering
D:14:     cheibrodos_stairvault_heist, david_vaults_1, serial_corexii_hall,
          corexii_hall_statues_i, corexii_hall_statues_u, enter_trove_0,
          nicolae_gozag_seed_capital, uniq_roxanne, uniq_maud
D:15:     grunt_enter_depths_hoard, serial_shops, shop, shop, shop, shop, shop,
          minmay_parallelograms, dispersion_dpeg
Orc:1:    serial_shops, nicolae_shop_scaring_up_business, uniq_snorg
Orc:2:    serial_shops, nicolae_shop_statue_plus
Orc:3:    basic_altar, nicolae_orc_pool_cavern, uniq_rupert, uniq_maurice,
          uniq_nessos
Orc:4:    grunt_orc_tribal_feast, serial_shops, shop, shop_fountains, shop,
          shop, nicolae_shop_window_shopping
Elf:1:    eino_elf_arrival_the_gate, minmay_elf_sorcery
Abyss:2:  evilmike_abyss_exit_6
Ossuary:  ossuary_minmay_scorpions

Action                   |  1- 3 |  4- 6 |  7- 9 | 10-12 | 13-15 || total
-------------------------+-------+-------+-------+-------+-------++-------
Melee: Unarmed           |    14 |       |       |       |       ||    14
       Spear             |    36 |       |       |       |       ||    36
       Dagger            |    32 |    55 |    57 |       |       ||   144
       Scimitar          |       |       |   209 |   715 |   457 ||  1381
       Great sword       |       |       |       |       |    32 ||    32
 Fire: Blowgun           |       |       |       |     5 |       ||     5
 Cast: Shock             |    15 |    28 |    81 |     9 |       ||   133
       Repel Missiles    |     1 |       |     2 |     2 |       ||     5
       Regeneration      |       |       |    38 |   136 |    57 ||   231
       Static Discharge  |       |       |     3 |       |       ||     3
Invok: Elemental Force   |       |       |       |     9 |     6 ||    15
       Upheaval          |       |       |       |       |     7 ||     7
Evoke: Wand              |       |       |       |    10 |     8 ||    18
  Use: Scroll            |     7 |     6 |    10 |    15 |     7 ||    45
       Potion            |     2 |     1 |     5 |     2 |     3 ||    13
 Stab: Distracted        |       |       |       |       |     1 ||     1
  Eat: Chunk             |     1 |     2 |    10 |    44 |    26 ||    83
       Bread ration      |       |     1 |       |       |       ||     1
       Royal jelly       |       |       |     1 |     2 |       ||     3
       Pizza             |       |       |       |     1 |       ||     1
       Beef jerky        |       |       |       |     1 |       ||     1
